 Dungeon Crawl Stone Soup version 0.30.1 (webtiles) character file.

Game seed: 1903492800179786908

98 safid the Chiller (level 4, -2/34 HPs)
             Began as a Merfolk Ice Elementalist on July 10, 2023.
             Slain by Ijyb
             ... wielding a +0 club
              (5 damage)
             ... while paralysed by Ijyb
             ... on level 4 of the Dungeon.
             The game lasted 00:03:48 (1866 turns).

safid the Chiller (Merfolk Ice Elementalist)        Turns: 1866, Time: 00:03:49

Health: -2/34      AC:  3    Str:  8    XL:     4   Next: 69%
Magic:  5/8        EV:  2    Int: 16    God:
Gold:   58         SH:  0    Dex: 14    Spells: 2/9 levels left

rFire   . . .        e - +0 mace
rCold   . . .        (no shield)
rNeg    . . .        a - +0 robe
rPois   +            (no helmet)
rElec   .            n - +0 cloak
rCorr   .            (no gloves)
SInv    .            (no boots)
Will    .....        (no amulet)
Stlth   ++           i - ring of poison resistance
HPRegen 0.25/turn    (no ring)
MPRegen 0.11/turn

%: no passive effects
@: paralysed
A: (nimble swimmer 2), mertail
a: no special abilities


You were on level 4 of the Dungeon.
You visited 1 branch of the dungeon, and saw 3 of its levels.

You collected 100 gold pieces.
You spent 42 gold pieces at shops.

Inventory:

Hand Weapons
 e - a +0 mace (weapon)
Armour
 a - a +0 robe (worn)
 n - a +0 cloak (worn)
Jewellery
 i - a ring of poison resistance (left hand)
Scrolls
 c - 2 scrolls of magic mapping {unknown}
 f - a scroll of brand weapon {unknown}
 g - 2 scrolls of identify {unknown}
 h - a scroll of noise {unknown}
 j - a scroll of torment {unknown}
 l - a scroll of teleportation {unknown}
 o - a scroll of blinking {unknown}
Potions
 b - a potion of magic
 d - a potion of heal wounds {unknown}
 k - 2 potions of curing
 m - a potion of haste {unknown}


   Skills:
 + Level 2.4 Fighting
 - Level 2.6 Dodging
 - Level 2.1 Stealth
 + Level 3.0 Spellcasting
 + Level 5.1 Ice Magic


You had 2 spell levels left.
You knew the following spells:

 Your Spells              Type           Power      Damage    Failure   Level
a - Freeze                Ice            76%        1d8       2%          1
b - Frozen Ramparts       Ice            38%        1d6       7%          3
c - Ozocubu's Armour      Ice            19%        N/A       7%          3

Your spell library contained the following spells:

 Spells                   Type           Power      Damage    Failure   Level
 Summon Ice Beast         Ice/Summ       10%        N/A       54%         4


Dungeon Overview and Level Annotations

Branches:
Dungeon (4/15)
 Temple: D:4-7

Altars:

Shops:
D:1 !

Annotations:
D:4 Blork the orc, Ijyb


Innate Abilities, Weirdness & Mutations

((You are very nimble when in or above water. (Stealth+, EV+, Speed+++)))
Your lower body shifts to a powerful aquatic tail in water.


Message History

The wall freezes the quokka but does no damage.
The wall freezes the orc.
A jelly comes into view.
The jelly quivers.
You hit the quokka.
The quokka is heavily wounded.
An adder comes into view.
The wall freezes the quokka.
The quokka bites you.
The wall freezes the orc but does no damage.
The wall freezes Ijyb.
The wall freezes the quokka.
The quokka bites you.
The wall freezes Ijyb.
The wall freezes the orc.
The orc closely misses you.
You sock the quokka!
You kill the quokka!
The wall freezes the orc.
The orc hits you with a +0 hand axe.
An iguana comes into view.
Unknown command.
The iguana hisses angrily.
You hit the orc but do no damage.
The orc is almost dead.
The wall freezes the orc.
You kill the orc!
The wall freezes Ijyb but does no damage.
The wall freezes the adder.
The adder seems to slow down.
An endoplasm comes into view.
The wall freezes the iguana.
The iguana seems to slow down.
The wall freezes the adder.
You kill the adder!
Your Spellcasting skill increases to level 3!
You hit Ijyb.
Ijyb is moderately wounded.
The frozen ramparts melt away.
Ijyb zaps a wand.
You resist with some effort.
The jelly jiggles.
Ijyb zaps a wand.
You suddenly lose the ability to move!
The iguana bites you. Ijyb completely misses you. Ijyb hits you with a +0 club.
The iguana bites you. Ijyb hits you with a +0 club. The iguana bites you!
* * * LOW HITPOINT WARNING * * *
Ijyb hits you with a +0 club.
You die...

..###...........
....#.##.†...##..##...
....##.#.###.##...... .
>...#..#.## ....... ..
..........#####.#... ...
....#.#...........# ..##
....####.#......J.#.....
....## ###.....#lgJ.....
.....### #......@#
.....#.# ##...#.##
.......# #...#### #
.......###....# .#
..............####.#
................#..## .
............#......?#..
...........######.......
...........####.#.......


You could see Ijyb, an iguana (slow), a jelly and an endoplasm.

Vanquished Creatures
  A jelly (D:4)
  3 adders
  5 orcs (D:4)
  4 bats (D:1)
  4 endoplasms
  A giant cockroach (D:4)
  A goblin (D:1)
  3 hobgoblins
  3 quokkas
  A ball python (D:4)
  A frilled lizard (D:2)
  4 kobolds
  2 rats (D:1)
33 creatures vanquished.

Notes
Turn   | Place    | Note
-------+----------+-------------------------------------------
     0 | D:1      | safid the Merfolk Ice Elementalist began the quest for the
                  | Orb.
     0 | D:1      | Reached XP level 1. HP: 13/13 MP: 3/3
    48 | D:1      | Found a faded altar of an unknown god.
   461 | D:1      | Found Qaipac's Distillery.
   612 | D:1      | Reached XP level 2. HP: 17/20 MP: 1/5
   684 | D:1      | Reached skill level 1 in Fighting
  1078 | D:1      | Bought a potion of curing for 42 gold pieces
  1170 | D:2      | Reached XP level 3. HP: 23/26 MP: 3/6
  1174 | D:2      | Learned a level 3 spell: Frozen Ramparts
  1388 | D:2      | You fall into a shaft and drop 2 floors!
  1593 | D:4      | Learned a level 3 spell: Ozocubu's Armour
  1635 | D:4      | Reached skill level 5 in Ice Magic
  1635 | D:4      | Reached XP level 4. HP: 33/33 MP: 0/8
  1702 | D:4      | Noticed Blork the orc
  1854 | D:4      | Noticed Ijyb
  1862 | D:4      | Paralysed by Ijyb for 5 turns
  1866 | D:4      | Slain by Ijyb

Illustrated notes

Levels and vault maps discovered:
D:1:      dpeg_arrival_round_a, layout_basic, serial_shops, shop,
          chequers_ecumenical_altar_simple_redux, corner_web_ring
D:2:      layout_loops_corners, minivault_5, minmay_between
D:4:      layout_cave_pools, uniq_ijyb, uniq_blork_the_orc

Skill      XL: |  1  2  3  4 |
---------------+-------------+-----
Fighting       | 1 2 |  2.4
Ice Magic      | 5 |  5.1
Spellcasting   | 3 |  3.0
Dodging        | |  2.6
Stealth        | |  2.1

Action                     |  1- 3 |  4- 6 || total
---------------------------+-------+-------++-------
  Melee: Mace              |    17 |     5 ||    22
   Cast: Freeze            |    30 |     8 ||    38
         Frozen Ramparts   |     1 |     1 ||     2
         Ozocubu's Armour  |     1 |       ||     1
   Stab: Sleeping          |     1 |       ||     1
 Armour: Robe              |     6 |     2 ||     8
  Dodge: Dodged            |    28 |     4 ||    32
